 Dungeon Crawl Stone Soup version 0.21.1-1-g345015f (webtiles) character file.

131 tidbits the Grave Robber (level 5, 0/37 HPs)
             Began as a Gnoll Necromancer on June 16, 2018.
             Slain by a rat (1 damage)
             ... summoned by Eustachio
             ... on level 4 of the Dungeon.
             The game lasted 00:06:57 (625 turns).

tidbits the Grave Robber (Gnoll Necromancer)         Turns: 625, Time: 00:06:58

Health: 0/37       AC:  3    Str: 16      XL:     5   Next: 14%
Magic:  5/12       EV: 14    Int: 23      God:
Gold:   59         SH:  0    Dex: 12 (15) Spells: 6/14 levels left

rFire    . . .     SeeInvis .     - Unarmed
rCold    . . .     Gourm    .   (no shield)
rNeg     . . .     Faith    .   n - +0 robe
rPois    .         Spirit   .   (no helmet)
rElec    .         Reflect  .   C - +0 cloak
rCorr    .         Harm     .   (no gloves)
MR       .....                  (no boots)
Stlth    +++.......             (no amulet)
HPRegen  0.12/turn              (no ring)
MPRegen  0.13/turn              (no ring)

@: mighty, brilliant, berserk cooldown
A: distributed training, fangs 1, strong nose
a: no special abilities


You were on level 4 of the Dungeon.
You were not hungry.

You visited 1 branch of the dungeon, and saw 4 of its levels.

You collected 59 gold pieces.

Inventory:

Hand Weapons
 a - a +0 dagger
 f - a +0 club
Missiles
 g - 55 stones (quivered)
Armour
 n - a +0 robe (worn)
 C - a +0 cloak (worn)
Jewellery
 k - a cursed ring of loudness {unknown}
   (You found it on level 4 of the Dungeon)
Scrolls
 i - a scroll of magic mapping
 l - a scroll of teleportation
 r - a scroll of remove curse
Potions
 j - 2 potions of agility
Books
 b - a book of Necromancy

   Spells                             Type                      Level
   a - Pain                           Necromancy                   1
   b - Animate Skeleton               Necromancy                   1
   c - Vampiric Draining              Necromancy                   3
   d - Regeneration                   Charms/Necromancy            3
   e - Animate Dead                   Necromancy                   4
   f - Borgnjor's Vile Clutch         Necromancy/Earth             5
Comestibles
 c - 6 rations
 d - 2 chunks of flesh


   Skills:
 + Level 1.3 Fighting
 + Level 1.3 Short Blades
 + Level 1.3 Long Blades
 + Level 1.3 Axes
 + Level 1.3 Maces & Flails
 + Level 1.3 Polearms
 + Level 1.3 Staves
 + Level 1.3 Slings
 + Level 1.3 Bows
 + Level 1.3 Crossbows
 + Level 1.3 Throwing
 + Level 1.3 Armour
 + Level 4.7 Dodging
 + Level 4.3 Stealth
 + Level 1.3 Shields
 + Level 1.3 Unarmed Combat
 + Level 5.1 Spellcasting
 + Level 1.1 Conjurations
 + Level 1.1 Hexes
 + Level 1.1 Charms
 + Level 1.1 Summonings
 + Level 7.1 Necromancy
 + Level 1.1 Translocations
 + Level 1.1 Transmutations
 + Level 1.1 Fire Magic
 + Level 1.1 Ice Magic
 + Level 1.1 Air Magic
 + Level 1.1 Earth Magic
 + Level 1.1 Poison Magic
 + Level 1.5 Invocations
 + Level 1.3 Evocations


You had 6 spell levels left.
You knew the following spells:

 Your Spells              Type           Power        Failure   Level  Hunger
a - Pain                  Necr           ####         1%          1    None
d - Vampiric Draining     Necr           ######....   1%          3    ##.....
n - Animate Skeleton      Necr           N/A          1%          1    None
r - Regeneration          Chrm/Necr      #####.....   1%          3    ##.....


Dungeon Overview and Level Annotations

Branches:
Dungeon (4/15)
 Temple: D:4-7

Altars:

Annotations:
D:4 Eustachio


Innate Abilities, Weirdness & Mutations

Your experience applies equally to all skills.
You have very sharp teeth.
Your uncanny sense of smell can sniff out nearby items.


Message History

The quasit bites you but does no damage.
The quasit claws you but does no damage. x2
The quokka bites you but does no damage.
Eustachio hits you but does no damage.
The shadow imp picks up a beetle and eats it.
The shadow imp hits you but does no damage.
The quasit bites you but does no damage.
The quasit claws you.
You feel clumsy.
The quasit claws you but does no damage.
You hit Eustachio.
Eustachio is severely wounded.
The quokka bites you. The rat bites you but does no damage.
The river rat bites you but does no damage.
Eustachio barely misses you.
The quasit bites you but does no damage.
The quasit claws you but does no damage.
The quasit claws you.
The shadow imp hits you but does no damage.
The quokka bites you but does no damage.
You closely miss Eustachio.
Eustachio is severely wounded.
The rat bites you. The river rat bites you. The quasit barely misses you.
The quasit claws you but does no damage.
The quasit claws you.
Eustachio gestures wildly while chanting.
Eustachio blinks!
The quokka bites you but does no damage.
The shadow imp hits you but does no damage.
You barely miss the quokka.
Your skin stops crawling.
The quasit bites you but does no damage.
The quasit claws you but does no damage.
The quasit barely misses you. The rat completely misses you.
The river rat bites you but does no damage.
The quokka bites you but does no damage.
Eustachio drinks a potion.
Eustachio is healed!
The quokka bites you.
* * * LOW HITPOINT WARNING * * *
The shadow imp hits you.
* * * LOW HITPOINT WARNING * * *
The quasit bites you but does no damage.
The quasit claws you but does no damage. x2
A worker ant comes into view.
The worker ant twitches its antennae in your direction.
You smack the quasit!
The quasit is heavily wounded.
The quokka bites you but does no damage.
The rat bites you but does no damage. The river rat bites you.
* * * LOW HITPOINT WARNING * * *
The quokka bites you but does no damage.
The quasit bites you but does no damage.
The quasit claws you but does no damage.
The quasit claws you.
* * * LOW HITPOINT WARNING * * *
You feel clumsy.
The shadow imp hits you but does no damage.
The quokka completely misses you.
Unknown command.
Unknown command.
You feel very mighty all of a sudden.
The quokka bites you but does no damage.
The rat bites you but does no damage. The river rat bites you.
* * * LOW HITPOINT WARNING * * *
Eustachio gestures wildly while chanting.
Eustachio blinks!
The quasit bites you but does no damage.
The quasit claws you but does no damage. x2
The shadow imp hits you but does no damage.
The quokka bites you but does no damage.
You barely miss the quasit.
The quasit is heavily wounded.
The quasit disappears in a puff of smoke!
The quokka bites you but does no damage.
The river rat bites you but does no damage.
The rat bites you but does no damage.
The quokka bites you but does no damage.
The shadow imp hits you but does no damage.
The quokka bites you but does no damage.
You smack the quokka!
You kill the quokka!
The quokka's corpse disappears in a puff of smoke!
You feel less wooden.
Your +0 cloak unmelds from your body.
Your +0 robe unmelds from your body.
The quasit bites you.
* * * LOW HITPOINT WARNING * * *
You feel clumsy.
The quasit completely misses you. x2; The rat misses you.
The river rat bites you!
* * * LOW HITPOINT WARNING * * *
The quokka closely misses you. The shadow imp hits you.
* * * LOW HITPOINT WARNING * * *
The quasit bites you but does no damage.
The quasit barely misses you.
The quasit claws you but does no damage.
Okay, then.
You hit the shadow imp but do no damage.
Your bite misses the shadow imp.
The quasit disappears in a puff of smoke!
The rat bites you.
You die...

*****###..,,,,,*
*,,,,,...#****,* ***,**###..#
*,****** *,,,,,,....#
*,,,,,,* *,*,,#,*#..#
*,****,* *,#..#.##..#####.#
*,** *,#..............# *,,*
*,*#.####.5#####.# **,*
*,*#.###..§@r..#,* *,*
******,*#...<..§rr....# *,*
,,,,,*,*#####...a...### *,*
,,,,,,,,****#...#...#******,*
,,*,,,,,,,,,#.%.....#*,,,,,,*
,***,,*,**,,#.......#*,******
*+*+*,,,**,,#<......#*,*
**,***,,,,,,........#*,*
*,_,***,,*,,*..####.**,*


You could see a worker ant, a river rat, a shadow imp, a quokka and a rat.

Vanquished Creatures
  An iguana (D:4)
  A worker ant (D:4)
  5 adders
  An adder skeleton (D:4)
  A worm (D:3)
  2 dart slugs (D:1)
  2 leopard geckos (D:1)
  A giant cockroach (D:4)
  4 goblins
  5 hobgoblins (D:1)
  2 quokkas (D:2)
  A ball python (D:1)
  A frilled lizard (D:3)
  2 rats
29 creatures vanquished.

Notes
Turn   | Place    | Note
-------+----------+-------------------------------------------
     0 | D:1      | tidbits the Gnoll Necromancer began the quest for the Orb.
     0 | D:1      | Reached XP level 1. HP: 13/13 MP: 6/6
    75 | D:1      | Reached XP level 2. HP: 10/19 MP: 1/7
    78 | D:1      | Learned a level 1 spell: Animate Skeleton
   342 | D:1      | You fall through a shaft!
   354 | D:2      | Reached skill level 5 in Spellcasting
   354 | D:2      | Reached XP level 3. HP: 6/25 MP: 4/9
   359 | D:2      | Learned a level 3 spell: Regeneration
   364 | D:2      | Learned a level 3 spell: Vampiric Draining
   438 | D:2      | Reached skill level 1 in Invocations
   498 | D:2      | Reached skill level 1 in Fighting
   498 | D:2      | Reached skill level 1 in Short Blades
   498 | D:2      | Reached skill level 1 in Long Blades
   498 | D:2      | Reached skill level 1 in Axes
   498 | D:2      | Reached skill level 1 in Maces & Flails
   498 | D:2      | Reached skill level 1 in Polearms
   498 | D:2      | Reached skill level 1 in Staves
   498 | D:2      | Reached skill level 1 in Slings
   498 | D:2      | Reached skill level 1 in Bows
   498 | D:2      | Reached skill level 1 in Crossbows
   498 | D:2      | Reached skill level 1 in Throwing
   498 | D:2      | Reached skill level 1 in Armour
   498 | D:2      | Reached skill level 1 in Shields
   498 | D:2      | Reached skill level 1 in Unarmed Combat
   498 | D:2      | Reached skill level 1 in Evocations
   514 | D:2      | Reached XP level 4. HP: 23/32 MP: 3/11
   580 | D:4      | Reached skill level 1 in Conjurations
   580 | D:4      | Reached skill level 1 in Hexes
   580 | D:4      | Reached skill level 1 in Charms
   580 | D:4      | Reached skill level 1 in Summonings
   580 | D:4      | Reached skill level 1 in Translocations
   580 | D:4      | Reached skill level 1 in Transmutations
   580 | D:4      | Reached skill level 1 in Fire Magic
   580 | D:4      | Reached skill level 1 in Ice Magic
   580 | D:4      | Reached skill level 1 in Air Magic
   580 | D:4      | Reached skill level 1 in Earth Magic
   580 | D:4      | Reached skill level 1 in Poison Magic
   596 | D:4      | Noticed Eustachio
   605 | D:4      | Reached XP level 5. HP: 29/37 MP: 5/12
   624 | D:4      | HP: 3/37 [river rat[Eustachio] (7)]
   624 | D:4      | HP: 1/37 [shadow imp[Eustachio] (2)]
   625 | D:4      | Slain by a rat

Skill      XL: |  1  2  3  4 |
---------------+-------------+-----
Spellcasting   | 5 |  5.1
Invocations    | 1 |  1.5
Fighting       | 1 |  1.3
Short Blades   | 1 |  1.3
Long Blades    | 1 |  1.3
Axes           | 1 |  1.3
Maces & Flails | 1 |  1.3
Polearms       | 1 |  1.3
Staves         | 1 |  1.3
Slings         | 1 |  1.3
Bows           | 1 |  1.3
Crossbows      | 1 |  1.3
Throwing       | 1 |  1.3
Armour         | 1 |  1.3
Shields        | 1 |  1.3
Unarmed Combat | 1 |  1.3
Evocations     | 1 |  1.3
Conjurations   | 1 |  1.1
Hexes          | 1 |  1.1
Charms         | 1 |  1.1
Summonings     | 1 |  1.1
Translocations | 1 |  1.1
Transmutations | 1 |  1.1
Fire Magic     | 1 |  1.1
Ice Magic      | 1 |  1.1
Air Magic      | 1 |  1.1
Earth Magic    | 1 |  1.1
Poison Magic   | 1 |  1.1
Dodging        | |  4.7
Stealth        | |  4.3
Necromancy     | |  7.1

Action                   |  1- 3 |  4- 6 || total
-------------------------+-------+-------++-------
Melee: Club              |     7 |       ||     7
       Bite              |     1 |       ||     1
       Dagger            |     2 |     6 ||     8
       Unarmed           |       |    24 ||    24
 Cast: Pain              |    37 |    11 ||    48
       Regeneration      |     1 |     1 ||     2
  Use: Scroll            |     3 |     1 ||     4
       Potion            |       |     7 ||     7
 Stab: Sleeping          |     3 |     1 ||     4
Armor: Robe              |     1 |     2 ||     3
       Skin              |       |   129 ||   129
Dodge: Dodged            |    11 |    20 ||    31

Table legend:
 A = Turns spent in this place as a percentage of turns spent in the entire game.
 B = Non-inter-level travel turns spent in this place as a percentage of non-inter-level travel turns spent in the entire game.
 C = Inter-level travel turns spent in this place as a percentage of turns spent in this place.
 D = Turns resting spent in this place as a percentage of non-inter-level travel turns spent in this place.
 E = Turns spent auto-exploring this place as a percentage of non-inter-level travel turns spent in this place.
 F = Non-inter-level travel turns spent in this place divided by the number of levels of this place that you've seen.
                   A       B       C       D       E      F
               +-------+-------+-------+-------+-------+----------------------
         Total | 100.0 | 100.0 |   1.9 |   0.0 |   0.0 | 153.2
       Dungeon | 100.0 | 100.0 |   1.9 |   0.0 |   0.0 | 153.2
               +-------+-------+-------+-------+-------+----------------------

Table legend:
 A = Kills in this place as a percentage of kills in entire the game.
 B = Kills by you in this place as a percentage of kills by you in the entire game.
 C = Kills by friends in this place as a percentage of kills by friends in the entire game.
 D = Other kills in this place as a percentage of other kills in the entire game.
 E = Experience gained in this place as a percentage of experience gained in the entire game.
 F = Experience gained in this place divided by the number of levels of this place that you have seen.
                   A       B       C       D       E      F
               +-------+-------+-------+-------+-------+----------------------
         Total | 100.0 | 100.0 |   N/A |   N/A | 100.0 |  47.0
       Dungeon | 100.0 | 100.0 |   N/A |   N/A | 100.0 |  47.0
               +-------+-------+-------+-------+-------+----------------------

Vault maps used:
D:1:      lemuel_arrival_hallway
D:3:      uniq_jessica, uniq_ijyb, uniq_natasha
D:4:      grunt_temple_overflow_forces_of_nature, nicolae_ashenzari_panopticon,
          nemelex_diamond_rough_becter, uniq_menkaure, uniq_eustachio
